BSA
HOUSTON MARSHALS @ SEATTLE PIKES
09/15/2028
 
TOP OF THE 1ST
Houston Marshals batting - Pitching for Seattle Pikes : LHP David Hill
Pitching: LHP David Hill
Batting: RHB Alberto Velásquez 0-0: Foul Ball, location: 2F
0-1: Ball
1-1: Foul Ball, location: 2F
1-2: Ball
2-2: Strikes out looking
Batting: LHB Matt Smith 0-0: Ball
1-0: Ball
2-0: Foul Ball, location: 2F
2-1: Swinging Strike
2-2: Foul Ball, location: 2F
2-2: Ball
3-2: DOUBLE (Line Drive, 8LXD)
Batting: LHB José Rodríguez 0-0: Ball
1-0: Swinging Strike
1-1: Ball
2-1: Fly out, F8 (Flyball, 8LXD)
Runner from 2nd tags up, SAFE at 3rd, no throw
Batting: LHB Lewis Barr 0-0: Called Strike
0-1: Ball
1-1: Foul Ball, location: 2F
1-2: Foul Ball, location: 2F
1-2: Foul Ball, location: 2F
1-2: Ball
2-2: Ground out 3-1 (Groundball, 34)
Top of the 1st over - 0 run(s), 1 hit(s), 0 error(s), 1 left on base; Houston 0 - Seattle 0
BOTTOM OF THE 1ST
Seattle Pikes batting - Pitching for Houston Marshals : LHP Carlos Tavárez
Pitching: LHP Carlos Tavárez
Batting: RHB Manuel Rico 0-0: Ground out 6-3 (Groundball, 6)
Batting: RHB Arnold Harmon 0-0: Called Strike
0-1: Ground out 5-3 (Groundball, 56)
Batting: RHB Iván Gonzáles 0-0: Ball
1-0: Foul Ball, location: 2F
1-1: SINGLE (Line Drive, 6M)
Batting: RHB Pete Rideout 0-0: Called Strike
0-1: Ball
1-1: Ball
2-1: Ball
3-1: Swinging Strike
3-2: SINGLE (Groundball, 56D)
Iván Gonzáles to second
Iván Gonzáles to third
Batting: RHB Wallace Greene 0-0: Ball
1-0: Called Strike
1-1: Fly out, F4 (Line Drive, 4)
Bottom of the 1st over - 0 run(s), 2 hit(s), 0 error(s), 2 left on base; Houston 0 - Seattle 0
TOP OF THE 2ND
Houston Marshals batting - Pitching for Seattle Pikes : LHP David Hill
Batting: LHB John Peterson 0-0: Ball
1-0: Swinging Strike
1-1: Called Strike
1-2: Foul Ball, location: 2F
1-2: Ball
2-2: SINGLE (Flyball, 89S)
Batting: SHB Álex Rosado 0-0: Foul Ball, location: 2F
0-1: Ball
1-1: Swinging Strike
1-2: Strikes out looking
Batting: RHB Javier Rentería Balk!
John Peterson to second
0-0: Foul Ball, location: 2F
0-1: DOUBLE (Line Drive, 8RM)
John Peterson scores
Batting: RHB Gregg Nelson 0-0: Ball
1-0: Ball
2-0: Foul Ball, location: 2F
2-1: Ball
3-1: Swinging Strike
3-2: Ground out 5-3 (Groundball, 5S)
Javier Rentería to third
Batting: RHB Gustavo Díaz 0-0: Ball
1-0: Ball
2-0: Swinging Strike
2-1: Foul Ball, location: 2F
2-2: Foul Ball, location: 2F
2-2: Foul Ball, location: 2F
2-2: Strikes out swinging
Top of the 2nd over - 1 run(s), 2 hit(s), 0 error(s), 1 left on base; Houston 1 - Seattle 0
BOTTOM OF THE 2ND
Seattle Pikes batting - Pitching for Houston Marshals : LHP Carlos Tavárez
Batting: RHB Randy Sheppard 0-0: Foul Ball, location: 2F
0-1: Ball
1-1: Foul Ball, location: 2F
1-2: Fly out, F9 (Flyball, 9)
Batting: LHB Roberto Lozano 0-0: Ball
1-0: Called Strike
1-1: SINGLE (Groundball, 56D)
Batting: RHB Germán Rosales 0-0: Ball
1-0: Ball
Roberto Lozano is caught stealing 2nd base
2-0: Ball
3-0: Called Strike
3-1: Called Strike
3-2: Base on Balls
Batting: RHB Bill Mark 0-0: Foul Ball, location: 2F
0-1: SINGLE (Line Drive, 56D)
Germán Rosales to second
Batting: RHB Manuel Rico 0-0: Fly out, F8 (Flyball, 89S)
Bottom of the 2nd over - 0 run(s), 2 hit(s), 0 error(s), 2 left on base; Houston 1 - Seattle 0
TOP OF THE 3RD
Houston Marshals batting - Pitching for Seattle Pikes : LHP David Hill
Batting: RHB Alberto Velásquez 0-0: Ball
1-0: Foul Ball, location: 2F
1-1: Ball
2-1: Bunt missed!
2-2: SOLO HOME RUN (Flyball, 9D), Distance : 454 ft
Batting: LHB Matt Smith 0-0: Ball
1-0: Ball
2-0: Foul Ball, location: 2F
2-1: Called Strike
2-2: Ball
3-2: Ground out 6-3 (Groundball, 6)
Batting: LHB José Rodríguez 0-0: Ball
1-0: Foul Ball, location: 2F
1-1: Foul Ball, location: 2F
1-2: Fly out, F7 (Flyball, 7S)
Batting: LHB Lewis Barr 0-0: SINGLE (Groundball, 34) (infield hit)
Batting: LHB John Peterson 0-0: Ball
1-0: Foul Ball, location: 2F
1-1: Ball
2-1: Called Strike
2-2: Fly out, F4 (Line Drive, 4M)
Top of the 3rd over - 1 run(s), 2 hit(s), 0 error(s), 1 left on base; Houston 2 - Seattle 0
BOTTOM OF THE 3RD
Seattle Pikes batting - Pitching for Houston Marshals : LHP Carlos Tavárez
Batting: RHB Arnold Harmon 0-0: Called Strike
0-1: Ball
1-1: Foul Ball, location: 2F
1-2: Ball
2-2: Foul Ball, location: 2F
2-2: Ground out 5-3 (Groundball, 56)
Batting: RHB Iván Gonzáles 0-0: Foul Ball, location: 2F
0-1: Foul Ball, location: 2F
0-2: Ball
1-2: Fly out, F7 (Flyball, 7)
Batting: RHB Pete Rideout 0-0: Ball
1-0: Foul Ball, location: 2F
1-1: Swinging Strike
1-2: Foul Ball, location: 2F
1-2: Foul Ball, location: 2F
1-2: Ground out 6-3 (Groundball, 6)
Bottom of the 3rd over - 0 run(s), 0 hit(s), 0 error(s), 0 left on base; Houston 2 - Seattle 0
TOP OF THE 4TH
Houston Marshals batting - Pitching for Seattle Pikes : LHP David Hill
Batting: SHB Álex Rosado 0-0: Swinging Strike
0-1: Foul Ball, location: 2F
0-2: Strikes out swinging
Batting: RHB Javier Rentería 0-0: Ball
1-0: Ball
2-0: Foul Ball, location: 2F
2-1: Fly out, F8 (Line Drive, 8LS)
Batting: RHB Gregg Nelson 0-0: Foul Ball, location: 2F
0-1: Swinging Strike
0-2: Strikes out swinging
Top of the 4th over - 0 run(s), 0 hit(s), 0 error(s), 0 left on base; Houston 2 - Seattle 0
BOTTOM OF THE 4TH
Seattle Pikes batting - Pitching for Houston Marshals : LHP Carlos Tavárez
Batting: RHB Wallace Greene 0-0: Ball
1-0: Ball
2-0: Called Strike
2-1: Foul Ball, location: 2F
2-2: Ball
3-2: Foul Ball, location: 2F
3-2: Foul Ball, location: 2F
3-2: Fly out, F8 (Flyball, 8RD)
Batting: RHB Randy Sheppard 0-0: Foul Ball, location: 2F
0-1: Foul Ball, location: 2F
0-2: Foul Ball, location: 2F
0-2: Strikes out swinging
Batting: LHB Roberto Lozano 0-0: Ball
1-0: Foul Ball, location: 2F
1-1: Ball
2-1: Foul Ball, location: 2F
2-2: SINGLE (Line Drive, 34D)
Batting: RHB Germán Rosales 0-0: Ball
1-0: Called Strike
1-1: Ball
2-1: Called Strike
Roberto Lozano steals 2nd base
2-2: Foul Ball, location: 2F
2-2: Ground out 4-3 (Groundball, 4)
Bottom of the 4th over - 0 run(s), 1 hit(s), 0 error(s), 1 left on base; Houston 2 - Seattle 0
TOP OF THE 5TH
Houston Marshals batting - Pitching for Seattle Pikes : LHP David Hill
Batting: RHB Gustavo Díaz 0-0: DOUBLE (Line Drive, 7LD)
Batting: RHB Alberto Velásquez 0-0: Ball
1-0: Foul Ball, location: 2F
1-1: 2-RUN HOME RUN (Flyball, 7D), Distance : 386 ft
Batting: LHB Matt Smith 0-0: Called Strike
0-1: SINGLE (Flyball, 8LS)
Batting: LHB José Rodríguez 0-0: SINGLE (Groundball, 56D)
Matt Smith to second
Batting: LHB Lewis Barr 0-0: Called Strike
0-1: Ball
1-1: Called Strike
1-2: Ball
2-2: Ball
3-2: Foul Ball, location: 2F
3-2: Foul Ball, location: 2F
3-2: Foul Ball, location: 2F
3-2: Base on Balls
Matt Smith to third
José Rodríguez to second
Pitching: LHP Allen Purss
Batting: LHB John Peterson 0-0: Ball
1-0: Swinging Strike
1-1: Grounds into double play, 3-6-3 (Groundball, 34)
Matt Smith scores
José Rodríguez to third
Batting: SHB Álex Rosado 0-0: Ground out 5-3 (Groundball, 56S)
Top of the 5th over - 3 run(s), 4 hit(s), 0 error(s), 1 left on base; Houston 5 - Seattle 0
BOTTOM OF THE 5TH
Seattle Pikes batting - Pitching for Houston Marshals : LHP Carlos Tavárez
Batting: RHB Bill Mark 0-0: Ball
1-0: Called Strike
1-1: Ball
2-1: Ball
3-1: Foul Ball, location: 2F
3-2: Ground out U3 (Groundball, 3S)
Batting: RHB Manuel Rico 0-0: SOLO HOME RUN (Flyball, 7D), Distance : 375 ft
Batting: RHB Arnold Harmon 0-0: Ball
1-0: Called Strike
1-1: Ball
2-1: Called Strike
2-2: Strikes out swinging
Batting: RHB Iván Gonzáles 0-0: Swinging Strike
0-1: Ball
1-1: Swinging Strike
1-2: Ball
2-2: Foul Ball, location: 2F
2-2: Ball
3-2: Foul Ball, location: 2F
3-2: Strikes out looking
Bottom of the 5th over - 1 run(s), 1 hit(s), 0 error(s), 0 left on base; Houston 5 - Seattle 1
TOP OF THE 6TH
Houston Marshals batting - Pitching for Seattle Pikes : LHP Allen Purss
Batting: RHB Javier Rentería 0-0: Ball
1-0: Ground out 4-3 (Groundball, 4)
Batting: RHB Gregg Nelson 0-0: Ball
1-0: Fly out, F9 (Flyball, 89D)
Batting: RHB Gustavo Díaz 0-0: Ball
1-0: Foul Ball, location: 2F
1-1: Ball
2-1: Ball
3-1: Foul Ball, location: 2F
3-2: Strikes out swinging
Top of the 6th over - 0 run(s), 0 hit(s), 0 error(s), 0 left on base; Houston 5 - Seattle 1
BOTTOM OF THE 6TH
Seattle Pikes batting - Pitching for Houston Marshals : LHP Carlos Tavárez
Batting: RHB Pete Rideout 0-0: Ball
1-0: Called Strike
1-1: SINGLE (Line Drive, 6MD)
Batting: RHB Wallace Greene 0-0: Called Strike
0-1: Ball
1-1: Ball
2-1: Ball
3-1: Foul Ball, location: 2F
3-2: Foul Ball, location: 2F
3-2: Base on Balls
Pete Rideout to second
Batting: RHB Randy Sheppard 0-0: Ball
1-0: Ball
2-0: Ball
3-0: Called Strike
3-1: Swinging Strike
3-2: Base on Balls
Pete Rideout to third
Wallace Greene to second
Batting: LHB Roberto Lozano 0-0: Called Strike
0-1: Foul Ball, location: 2F
0-2: Strikes out looking
Batting: RHB Germán Rosales 0-0: Grounds into double play, 4-6-3 (Groundball, 4)
Bottom of the 6th over - 0 run(s), 1 hit(s), 0 error(s), 2 left on base; Houston 5 - Seattle 1
TOP OF THE 7TH
Houston Marshals batting - Pitching for Seattle Pikes : LHP Allen Purss
Batting: RHB Alberto Velásquez 0-0: Ball
1-0: Ball
2-0: Called Strike
2-1: SOLO HOME RUN (Flyball, 8LXD), Distance : 439 ft
Batting: LHB Matt Smith 0-0: Ball
1-0: Ball
2-0: Ball
3-0: SINGLE (Flyball, 89S)
Batting: LHB José Rodríguez 0-0: Ball
1-0: Ball
2-0: Swinging Strike
2-1: Swinging Strike
2-2: Foul Ball, location: 2F
2-2: Foul Ball, location: 2F
2-2: Strikes out looking
Batting: LHB Lewis Barr 0-0: Called Strike
0-1: Ball
1-1: Called Strike
1-2: Foul Ball, location: 2F
1-2: Strikes out swinging
Batting: LHB John Peterson 0-0: Called Strike
0-1: Ball
1-1: Ground out 3-1 (Groundball, 34)
Top of the 7th over - 1 run(s), 2 hit(s), 0 error(s), 1 left on base; Houston 6 - Seattle 1
BOTTOM OF THE 7TH
Seattle Pikes batting - Pitching for Houston Marshals : LHP Carlos Tavárez
Batting: RHB Bill Mark 0-0: Called Strike
0-1: SINGLE (Line Drive, 56D)
Batting: RHB Manuel Rico 0-0: Called Strike
0-1: Ball
1-1: Foul Ball, location: 2F
1-2: Ball
2-2: Fly out, F8 (Flyball, 8RS)
Pitching: RHP Enrique Valdés
Batting: RHB Arnold Harmon 0-0: Ball
1-0: Swinging Strike
1-1: Swinging Strike
1-2: Strikes out swinging
Batting: RHB Iván Gonzáles 0-0: Ball
1-0: Foul Ball, location: 2F
1-1: Ground out 5-3 (Groundball, 56S)
Bottom of the 7th over - 0 run(s), 1 hit(s), 0 error(s), 1 left on base; Houston 6 - Seattle 1
TOP OF THE 8TH
Houston Marshals batting - Pitching for Seattle Pikes : LHP Allen Purss
Batting: SHB Álex Rosado 0-0: Called Strike
0-1: Ball
1-1: Called Strike
1-2: Ball
2-2: Strikes out swinging
Batting: RHB Javier Rentería 0-0: Ball
1-0: SINGLE (Line Drive, 7LM)
Batting: RHB Gregg Nelson 0-0: Ball
Javier Rentería steals 2nd base
1-0: Ball
2-0: Fly out, F9 (Line Drive, 9S)
Now in RF: John Nicholson
Batting: RHB Gustavo Díaz 0-0: Foul Ball, location: 2F
0-1: Ball
1-1: Ball
2-1: Ball
3-1: Called Strike
3-2: Fly out, F7 (Line Drive, 7)
Top of the 8th over - 0 run(s), 1 hit(s), 0 error(s), 1 left on base; Houston 6 - Seattle 1
BOTTOM OF THE 8TH
Seattle Pikes batting - Pitching for Houston Marshals : RHP Enrique Valdés
Batting: RHB Pete Rideout 0-0: Ground out 5-3 (Groundball, 5L)
Batting: RHB Wallace Greene 0-0: Ball
1-0: Foul Ball, location: 2F
1-1: Foul Ball, location: 2F
1-2: Foul Ball, location: 2F
1-2: Ground out 4-3 (Groundball, 4M)
Batting: RHB Randy Sheppard 0-0: Ground out 3-1 (Groundball, 23)
Bottom of the 8th over - 0 run(s), 0 hit(s), 0 error(s), 0 left on base; Houston 6 - Seattle 1
TOP OF THE 9TH
Houston Marshals batting - Pitching for Seattle Pikes : LHP Allen Purss
Pitching: LHP Cristián Escobar
Batting: RHB Alberto Velásquez 0-0: Foul Ball, location: 2F
0-1: Ball
1-1: Ball
2-1: Foul Ball, location: 2F
2-2: Ball
3-2: Base on Balls
Batting: LHB Matt Smith 0-0: Ball
1-0: Called Strike
1-1: Ball
2-1: Swinging Strike
2-2: Strikes out swinging
Batting: LHB José Rodríguez 0-0: Ball
1-0: Ball
2-0: Called Strike
2-1: Ball
3-1: Base on Balls
Alberto Velásquez to second
Batting: LHB Lewis Barr 0-0: Foul Ball, location: 2F
0-1: Called Strike
Alberto Velásquez steals 3rd base
José Rodríguez to second
0-2: Fly out, F8 (Flyball, 8RM)
Runner from 3rd tags up, SCORES, throw made
Batting: LHB John Peterson 0-0: Ball
1-0: Called Strike
1-1: Ball
2-1: Ground out 1-3 (Groundball, 13)
Top of the 9th over - 1 run(s), 0 hit(s), 0 error(s), 1 left on base; Houston 7 - Seattle 1
BOTTOM OF THE 9TH
Seattle Pikes batting - Pitching for Houston Marshals : RHP Enrique Valdés
Batting: LHB Roberto Lozano 0-0: Ball
1-0: Fly out, F8 (Flyball, 8LS)
Batting: RHB Germán Rosales 0-0: Ball
1-0: Ball
2-0: Called Strike
2-1: Ball
3-1: Base on Balls
Batting: RHB Bill Mark 0-0: Ball
1-0: Ball
2-0: Called Strike
2-1: Foul Ball, location: 2F
2-2: Ball
3-2: Foul Ball, location: 2F
3-2: Foul Ball, location: 2F
3-2: Fly out, F6 (Line Drive, 6)
Batting: LHB John Nicholson 0-0: Called Strike
0-1: Swinging Strike
0-2: Ball
1-2: Ball
2-2: Ball
3-2: SINGLE (Groundball, 6MD)
Germán Rosales to second
Germán Rosales to third
Batting: RHB Arnold Harmon 0-0: Fly out, F9 (Flyball, 89S)
Bottom of the 9th over - 0 run(s), 1 hit(s), 0 error(s), 2 left on base; Houston 7 - Seattle 1
Tuesday, August 8th, 2017 - OOTP Baseball 17.12 Build 75